 Dungeon Crawl Stone Soup version 0.31.0-12-g77e489cdc1 (webtiles) character file.

Game seed: 14161669396627734443

2846 spaghetti the Unseen (level 9, -2/24 (52) HPs)
             Began as a Deep Elf Chaos Knight on Mar 2, 2024.
             Was a Plaything of Xom.
             Slain by Joseph
             ... wielding a +0 spectral quarterstaff
              (4 damage)
             ... on level 7 of the Dungeon.
             The game lasted 00:11:12 (5588 turns).

spaghetti the Unseen (Deep Elf Chaos Knight)        Turns: 5588, Time: 00:11:13

HP:   -2/24 (52)    AC:  7    Str:  7    XL:     9   Next: 46%
MP:   20/20         EV: 17    Int: 14    God:    Xom [.*....]
Gold: 339           SH:  5    Dex: 28    Spells: 5/8 levels left

rFire   . . .        a - +0 short sword (chaos)
rCold   + . .        x - orb {guile}
rNeg    . . .        b - +2 leather armour
rPois   .            r - +0 helmet
rElec   .            s - scarf {+Inv}
rCorr   .            m - +0 pair of gloves
SInv    .            (no boots)
Will    .....        o - amulet of reflection
Stlth   ++++++++     e - ring of magical power
HPRegen 0.24/turn    k - ring of protection from cold
MPRegen 0.17/turn

%: reflection
@: very slightly contaminated, extremely drained, invisible
A: hooves 1, thin skeletal structure 1, agile 2, dopey 1, wild magic 1,
inability to drink after injury 1
a: Renounce Religion, Evoke Invisibility


You were on level 7 of the Dungeon.
You worshipped Xom.
You were a plaything of Xom.
You visited 1 branch of the dungeon, and saw 8 of its levels.

You collected 339 gold pieces.

Inventory:

Hand Weapons
 a - a +0 short sword of chaos (weapon)
 u - a +2 falchion of holy wrath
Missiles
 q - 2 boomerangs
Armour
 b - a +2 leather armour (worn)
 m - a +0 pair of gloves (worn)
 p - a +2 cloak
 r - a +0 helmet (worn)
 s - a scarf of invisibility (worn)
 x - an orb of guile (worn)
Jewellery
 e - a ring of magical power (left hand)
 k - a ring of protection from cold (right hand)
 o - an amulet of reflection (around neck)
Wands
 d - a wand of paralysis (12)
 g - a wand of flame (43)
 i - a wand of mindburst (6)
 l - a wand of quicksilver (4)
 w - a wand of roots (6)
Scrolls
 c - 2 scrolls of butterflies
 f - a scroll of silence
 h - 3 scrolls of enchant armour
 n - a scroll of noise
 t - a scroll of amnesia
 y - a scroll of teleportation
Potions
 j - a potion of might
 v - 2 potions of attraction
 z - 2 potions of curing


   Skills:
 + Level 4.5 Fighting
 - Level 3.0 Short Blades
 - Level 0.7 Armour
 + Level 6.7 Dodging
 - Level 16.0 Stealth
 + Level 4.7 Evocations


You had 5 spell levels left.
You knew the following spells:

 Your Spells              Type           Power      Damage    Failure   Level
a - Fugue of the Fallen   Necr           0%         N/A       83%         3

Your spell library contained the following spells:

 Spells                   Type           Power      Damage    Failure   Level
 Freeze                   Ice            0%         1d3       47%         1
 Slow                     Hex            0%         N/A       47%         1
 Confusing Touch          Hex            0%         N/A       83%         3
 Frozen Ramparts          Ice            0%         1d1       83%         3
 Hailstorm                Conj/Ice       0%         3d5       83%         3
 Ozocubu's Armour         Ice            0%         N/A       83%         3
 Sigil of Binding         Hex            0%         N/A       83%         3
 Vampiric Draining        Necr           0%         2d6       83%         3
 Manifold Assault         Tloc           0%         N/A       99%         4
 Sticky Flame             Fire/Alch      0%         2d4       99%         4
 Metabolic Englaciation   Hex/Ice        0%         N/A       100%        5
 Plasma Beam              Fire/Air       0%         2x1d10    100%        6
 Sculpt Simulacrum        Ice/Alch       0%         N/A       100%        6
 Starburst                Conj/Fire      0%         6d3       100%        6


Dungeon Overview and Level Annotations

Branches:
Dungeon (8/15)             Temple (0/1) D:4
   Lair: D:8-11

Altars:
Kikubaaqudgha
Wu Jian

Annotations:
D:6 Sigmund
D:7 3 exclusions, Dowan, Duvessa, Joseph


Innate Abilities, Weirdness & Mutations

You have large cloven feet.
You have a somewhat thin skeletal structure. (Dex +2, Stealth+)
You are very agile. (Dex +8, Str/Int -2)
You are dopey. (Int -2)
Your spells are a little harder to cast, but a little more powerful.
You occasionally lose the ability to drink potions when taking damage.


Message History

[the floor.] Placed new exclusion.
Reduced exclusion size to a single square.
An electric eel is nearby!
An electric eel is nearby!
Press: ? - help, v - describe, . - travel The floor.
Placed new exclusion.
Reduced exclusion size to a single square.
An electric eel is nearby!
An electric eel is nearby!
Okay, then.
Press: ? - help, v - describe, . - travel The floor.
Placed new exclusion.
Reduced exclusion size to a single square.
An electric eel is nearby!
You see here an orb of energy.
y - a scroll of teleportation You see here an orb of energy.
Joseph is nearby!
You feel drained.
You fade into invisibility!
You are very lightly contaminated with residual magic.
Joseph shouts!
The black bear growls angrily.
The kobold shouts!
You hit Joseph.
Joseph seems to speed up.
You kick Joseph.
Joseph is lightly wounded.
Joseph completely misses you. The +0 spectral quarterstaff hits you!
Joseph barely misses you. The +0 spectral quarterstaff hits you!
* * * LOW HITPOINT WARNING * * *
Xom roars with laughter!
A shower of butterflies erupts from you!
A +0 spectral quarterstaff comes into view.
Unknown command.
The black bear growls angrily.
You hit Joseph.
Joseph is poisoned.
Your kick misses Joseph.
Joseph is lightly wounded.
Joseph hits you with a +0 spectral quarterstaff.
You die...
Xom roars with laughter!

.....#...#......>
#..............#
#..............###
#.......h...#....# #
#.##....##.....#.#
##.##...[(.b##.#.#.#.#
.........b......@#.#.##
#..#....K@♣##..K.....#
#.....@~~~#.####...#
##....~♣~~#.# #.#.#
##..#.~♣♣#.# #.# #
#..###.##.# #e#.# #..#
#..#.# #@#.# #..#
##[..# #.#.###
#..####...####.....#.
#..##.......##.#.#.#.
#....................


You could see Joseph (fast, unable to see you, very poisoned), a black bear
(wandering, unable to see you), a +0 spectral quarterstaff (unable to see you,
ally target) and a kobold (unable to see you).

Vanquished Creatures
  A cyclops (D:8)
  Grinder (D:3)
  A steam dragon (D:5)
  Eustachio (D:4)
  A swamp drake (D:4)
  An orc warrior (D:6)
  An ice beast (D:7)
  An ogre (D:6)
  2 bullfrogs
  Blork the orc (D:6)
  4 scorpions
  A gnoll sergeant (D:7)
  A wight (D:6)
  A killer bee (D:2)
  2 bombardier beetles
  A jelly (D:5)
  5 orc priests
  Crazy Yiuf (D:4)
  A hound (D:5)
  Terence (D:3)
  3 iguanas
  Natasha (thrice) (D:3)
  2 orc wizards
  Ijyb (D:2)
  7 gnolls
  8 adders
  2 white imps
  3 ufetubi
  8 dart slugs
  A ribbon worm (D:4)
  12 orcs
  10 ball pythons
  7 endoplasms
  4 giant cockroaches
  14 goblins
  12 hobgoblins
  6 jackals
  6 quokkas
  7 bats
  5 kobolds
  2 rats
152 creatures vanquished.

Vanquished Creatures (collateral kills)
  An ice beast (D:5)
1 creature vanquished.

Vanquished Creatures (others)
  A hobgoblin zombie (D:3)
1 creature vanquished.

Grand Total: 154 creatures vanquished

Notes
Turn   | Place    | Note
-------+----------+-------------------------------------------
     0 | D:1      | spaghetti the Deep Elf Chaos Knight began the quest for the
                  | Orb.
     0 | D:1      | Reached XP level 1. HP: 13/13 MP: 3/3
    61 | D:1      | Reached skill level 1 in Stealth
   154 | D:1      | Reached skill level 2 in Stealth
   186 | D:1      | Reached XP level 2. HP: 17/18 MP: 4/4
   240 | D:1      | XOM: cast spell 'Fugue of the Fallen'
   305 | D:1      | Reached skill level 3 in Stealth
   382 | D:1      | XOM: cast spell 'Cause Fear'
   385 | D:1      | XOM: scenery: summon butterflies
   395 | D:1      | XOM: silly message
   398 | D:1      | XOM: 1-stop teleportation journey
   420 | D:1      | Reached XP level 3. HP: 20/22 MP: 5/5
   437 | D:1      | Got the Book of the Sun
   629 | D:2      | Found an ornate altar of the Wu Jian Council.
   634 | D:2      | Reached skill level 4 in Stealth
   644 | D:2      | Noticed Ijyb
   649 | D:2      | XOM: confuse monster(s)
   667 | D:2      | Killed Ijyb
   668 | D:2      | Reached skill level 5 in Stealth
   668 | D:2      | Reached XP level 4. HP: 19/27 MP: 6/6
   721 | D:2      | XOM: 1-stop teleportation journey
   868 | D:2      | XOM: butterfly on damage
  1027 | D:2      | XOM: 3-stop teleportation journey
  1057 | D:2      | XOM: give mutations
  1057 | D:2      | Gained mutation: You have sharp toenails. [Xom's grace]
  1057 | D:2      | Gained mutation: You are agile. (Dex +4, Str/Int -1) [Xom's
                  | grace]
  1057 | D:2      | Gained mutation: You have a somewhat thin skeletal
                  | structure. (Dex +2, Stealth+) [Xom's grace]
  1057 | D:2      | Lost mutation: You have sharp toenails. [Xom's grace]
  1057 | D:2      | Gained mutation: You have large cloven feet. [Xom's grace]
  1073 | D:2      | XOM: cloud trail
  1173 | D:2      | Reached skill level 6 in Stealth
  1205 | D:2      | Found a faded altar of an unknown god.
  1469 | D:3      | XOM: potion effect (experience)
  1469 | D:3      | Reached skill level 15 in Stealth
  1469 | D:3      | Reached XP level 5. HP: 26/31 MP: 7/7
  1470 | D:3      | XOM: cloud trail
  1476 | D:2      | XOM: give mutations
  1476 | D:2      | Gained mutation: You are very agile. (Dex +8, Str/Int -2)
                  | [Xom's grace]
  1476 | D:2      | Gained mutation: You are robust. (+10% HP) [Xom's grace]
  1476 | D:2      | Gained mutation: Your spells are a little harder to cast,
                  | but a little more powerful. [Xom's grace]
  1476 | D:2      | Gained mutation: Your flesh is heat resistant. (rF+) [Xom's
                  | grace]
  1481 | D:2      | Reached XP level 6. HP: 29/39 MP: 8/8
  1525 | D:3      | Noticed Grinder
  1531 | D:3      | Killed Grinder
  1542 | D:3      | Noticed Natasha
  1549 | D:3      | Killed Natasha
  1575 | D:3      | Noticed Terence
  1578 | D:3      | Killed Terence
  1579 | D:3      | Reached XP level 7. HP: 44/44 MP: 9/9
  1581 | D:3      | Noticed Natasha
  1600 | D:3      | XOM: god gift: 20 gold pieces
  1611 | D:3      | Killed Natasha
  1639 | D:3      | Noticed Natasha
  1643 | D:3      | Killed Natasha
  1734 | D:3      | XOM: god gift: wand of quicksilver (4)
  2065 | D:3      | XOM: god gift: tiny jade amulet {god gift}
  2082 | D:3      | XOM: give mutations
  2082 | D:3      | Lost mutation: Your flesh is heat resistant. (rF+) [Xom's
                  | mischief]
  2082 | D:3      | Gained mutation: You occasionally lose the ability to drink
                  | potions when taking damage. [Xom's mischief]
  2272 | D:4      | Found an ancient bone altar of Kikubaaqudgha.
  2388 | D:4      | XOM: god gift: 4 boomerangs
  2502 | D:4      | XOM: cloud trail
  2659 | D:4      | Reached skill level 1 in Evocations
  2665 | D:4      | Noticed Eustachio
  2674 | D:4      | Killed Eustachio
  2824 | D:4      | XOM: confuse monster(s)
  2849 | D:4      | Reached XP level 8. HP: 42/49 MP: 10/10
  2888 | D:4      | Found a staircase to the Ecumenical Temple.
  2958 | D:4      | Learned a level 3 spell: Fugue of the Fallen
  2989 | D:4      | Found a runed translucent door.
  2990 | D:4      | Noticed Crazy Yiuf
  3048 | D:4      | XOM: divination: detect creatures
  3114 | D:4      | Reached skill level 16 in Stealth
  3271 | D:4      | Killed Crazy Yiuf
  3272 | D:4      | Reached skill level 5 in Dodging
  3280 | D:4      | XOM: god gift: 49 gold pieces
  3306 | D:5      | Entered Level 5 of the Dungeon
  3310 | D:5      | XOM: confusion
  3360 | D:5      | XOM: cleaving
  3757 | D:5      | XOM: summons 8 friendly demons
  4285 | D:5      | XOM: stat loss: -1 Dex (25/26)
  4485 | D:6      | Noticed Blork the orc
  4486 | D:6      | Killed Blork the orc
  4536 | D:6      | XOM: 5-stop teleportation journey
  4565 | D:6      | Reached XP level 9. HP: 34/48 MP: 11/11
  4753 | D:6      | Noticed Sigmund
  4831 | D:6      | XOM: 2-stop teleportation journey
  4878 | D:7      | Noticed Duvessa
  4878 | D:7      | Noticed Dowan
  4878 | D:7      | Noticed Joseph
  4894 | D:7      | XOM: enchant monster (good)
  4903 | D:7      | XOM: 5-stop teleportation journey
  5084 | D:8      | XOM: give mutations
  5084 | D:8      | Gained mutation: You are dopey. (Int -2) [Xom's mischief]
  5084 | D:8      | Lost mutation: You are robust. (+10% HP) [Xom's mischief]
  5108 | D:8      | Noticed a cyclops
  5113 | D:8      | XOM: enchant monster (good)
  5117 | D:8      | Noticed a troll
  5121 | D:8      | Noticed a troll
  5122 | D:8      | Killed a cyclops
  5125 | D:8      | XOM: butterfly on damage
  5128 | D:8      | XOM: enchant monster (good)
  5129 | D:8      | XOM: divination: detect items
  5279 | D:7      | XOM: potion effect (brilliance)
  5329 | D:7      | XOM: 1-stop teleportation journey
  5587 | D:7      | XOM: butterfly on damage
  5588 | D:7      | Slain by Joseph

Illustrated notes

Levels and vault maps discovered:
D:1:      matt_arrival_diagonals, layout_rooms
D:2:      kennysheep_the_goblin_king, layout_basic, basic_altar,
          basic_ecumenical_altar, nicolae_concentric_dashed_squares_wild
D:3:      layout_loops_cross, glass_columns_a, uniq_terence, uniq_grinder,
          uniq_natasha
D:4:      layout_gridville, mainiacjoe_overflow_24_doors,
          minmay_temple_entry_arrows, hangedman_decor_diamond_cutter,
          grunt_ministairs_5, uniq_crazy_yiuf_cottage, uniq_eustachio
D:5:      layout_basic
D:6:      kb_forest_paths, layout_loops_ring, uniq_blork_the_orc, uniq_sigmund,
          uniq_menkaure
D:7:      layout_loops_ring, serial_bayou, serial_bayou_shore_a,
          serial_bayou_ford_a, serial_bayou_pond_d, serial_bayou_pond_c,
          st_stairs_12, uniq_duvessa, uniq_joseph
D:8:      minmay_cut_squares, layout_gridville, trog_book, enter_bailey_5,
          nicolae_houndstooth_variations

Skill      XL: |  1  2  3  4  5  6  7  8  9 |
---------------+----------------------------+-----
Stealth        | 2 3 5 15 16 | 16.0
Dodging        | 3 4 6 |  6.7
Evocations     | 1 3 4 |  4.7
Fighting       | 3 4 |  4.5
Short Blades   | |  3.0
Armour         | |  0.7

Action                     |  1- 3 |  4- 6 |  7- 9 || total
---------------------------+-------+-------+-------++-------
  Melee: Short sword       |   135 |    50 |   259 ||   444
         Punch             |     1 |       |     2 ||     3
         Kick              |       |     3 |    88 ||    91
  Throw: Boomerang         |       |       |    17 ||    17
Ability: Evoke Invisibilit |       |       |     5 ||     5
  Evoke: Wand              |       |       |     1 ||     1
    Use: Scroll            |     2 |     2 |    10 ||    14
         Potion            |       |     4 |     3 ||     7
   Stab: Sleeping          |     2 |     9 |    29 ||    40
         Petrifying        |     2 |       |       ||     2
         Confused          |     2 |       |     3 ||     5
         Distracted        |       |     1 |     2 ||     3
         Paralysed         |       |       |     2 ||     2
         Invisible         |       |       |    10 ||    10
 Armour: Leather armour    |    77 |    25 |   134 ||   236
  Dodge: Dodged            |    84 |    18 |   236 ||   338
  Block: Other             |       |       |    19 ||    19
         Reflection        |       |       |     2 ||     2
